 Dungeon Crawl Stone Soup version 0.31-a0-986-g5e6e4ef867 (webtiles) character file.

Game seed: 12782219002990259683

7177 Firecrotchwizard the Basher (level 11, 0/73 HPs)
             Began as a Gargoyle Fighter on Nov 6, 2023.
             Was an Elder of Okawaru.
             Slain by an eight-headed hydra (11 damage)
             ... on level 9 of the Dungeon on Nov 9, 2023.
             The game lasted 00:24:42 (10393 turns).

Firecrotchwizard the Basher (Gargoyle Fighter)     Turns: 10393, Time: 00:24:43

Health: 0/73       AC: 31    Str: 25    XL:     11   Next: 11%
Magic:  22/24      EV:  8    Int:  8    God:    Okawaru [****..]
Gold:   547        SH:  7    Dex:  9    Spells: 10/10 levels left

rFire   . . .        a - +0 flail (elec)
rCold   . . .        N - +2 buckler
rNeg    + . .        B - +0 plate armour
rPois   ∞            (no helmet)
rElec   +            j - +2 cloak
rCorr   .            m - +0 pair of gloves
SInv    .            x - +0 pair of boots
Will    .....        (no amulet) Stlth
                     e - +4 ring of protection
HPRegen 0.32/turn    h - ring of magical power
MPRegen 0.19/turn

%: no passive effects
@: heroic
A: sickness immunity, AC +8, negative energy resistance 1, electricity
resistance, torment resistance 1, petrification resistance
a: Renounce Religion, Heroism, Finesse


You were on level 9 of the Dungeon.
You worshipped Okawaru.
Okawaru was greatly pleased with you.
You visited 2 branches of the dungeon, and saw 10 of its levels.

You collected 703 gold pieces.
You spent 156 gold pieces at shops.

Inventory:

Hand Weapons
 a - a +0 flail of electrocution (weapon)
Armour
 c - a +0 buckler
 j - a +2 cloak (worn)
 m - a +0 pair of gloves (worn)
 x - a +0 pair of boots (worn)
 B - a +0 plate armour (worn)
 N - a +2 buckler (worn)
Jewellery
 b - a ring of fire
 e - a +4 ring of protection (left hand)
 h - a ring of magical power (right hand)
 s - a ring of fire
 E - an amulet of magic regeneration
 K - a ring of positive energy
Wands
 H - a wand of polymorph (8)
 I - a wand of acid (11)
 M - a wand of flame (13)
Scrolls
 f - 3 scrolls of fog
 g - a scroll of fear
 i - a scroll of identify
 o - 3 scrolls of poison
 r - a scroll of brand weapon
 t - 2 scrolls of teleportation
 u - a scroll of noise
 v - a scroll of vulnerability
 w - a scroll of enchant weapon
 z - 2 scrolls of summoning
 D - a scroll of torment
 G - a scroll of amnesia
 J - 2 scrolls of immolation
Potions
 d - 3 potions of might
 k - 4 potions of brilliance
 l - a potion of experience {unknown}
 n - 5 potions of curing
 p - a potion of heal wounds
 q - 4 potions of haste
 y - a potion of magic {unknown}
 A - 2 potions of enlightenment {unknown}
 C - a potion of lignification {unknown}
 F - a potion of mutation {unknown}
 L - a potion of attraction {unknown}


   Skills:
 + Level 10.6(15.6) Fighting
 * Level 12.9(17.9) Maces & Flails
 - Level 3.2(8.2) Armour
 - Level 3.6(8.6) Shields
 + Level 5.8 Invocations


You had 10 spell levels left.
You didn't know any spells.
Your spell library contained the following spells:

 Spells                   Type           Power      Damage    Failure   Level
 Poisonous Vapours        Pois/Air       0%         N/A       100%        2
 Mephitic Cloud           Conj/Pois/Air  0%         N/A       100%        3
 Freezing Cloud           Conj/Ice/Air   0%         6-21      100%        5
 Eringya's Noxious Bog    Tmut/Pois      0%         4d6       100%        6
 Summon Forest            Summ/Tloc      Unusable   N/A       N/A         5
 Summon Hydra             Summ           Unusable   N/A       N/A         7

Dungeon Overview and Level Annotations

Branches:
Dungeon (9/15)             Temple (1/1) D:6            Lair (0/5) D:8
    Orc: D:9-12

Altars:
Cheibriados
Dithmenos
Elyvilon
Fedhas
Gozag
Hepliaklqana
Kikubaaqudgha
Makhleb
Nemelex Xobeh
Okawaru
Ru
Sif Muna
Uskayaw
Vehumet
Wu Jian
Xom
Yredelemnul
Zin
The Shining One

Shops:
D:4 [   D:6 ?

Annotations:
D:7 1 transporter, Jeremiah, Pikel


Innate Abilities, Weirdness & Mutations

You are immune to sickness and miasma.
Your stone body is resilient. (AC +8)
You are immune to poison.
You resist negative energy. (rN+)
You are resistant to electric shocks. (rElec)
You are resistant to unholy torment.
You are immune to petrification.


Message History

An eight-headed hydra comes into view.
The wyvern bites you but does no damage.
The eight-headed hydra roars!
You hit the wyvern but do no damage. Lightning courses through the wyvern!
The wyvern is almost dead.
The wyvern completely misses you.
You thump the wyvern!
You kill the wyvern!
Okawaru accepts your kill.
The vampire mosquito bites you but does no damage.
You barely miss the vampire mosquito.
The vampire mosquito bites you but does no damage.
The orc wizard hits you but does no damage.
You barely miss the vampire mosquito. The vampire mosquito bites you.
The vampire mosquito bites you but does no damage.
You closely miss the vampire mosquito.
You block the vampire mosquito's attack.
The orc wizard gestures wildly while chanting.
The orc wizard flickers and vanishes!
Deactivating autopickup; reactivate with Ctrl-A.
You sock the vampire mosquito!
Lightning courses through the vampire mosquito!!
You destroy the vampire mosquito!
Okawaru accepts your kill. Something hits you but does no damage.
A magic dart appears from out of thin air!
The magic dart hits you but does no damage.
Things that are here:
a +3 spear of flaming; a +0 ring mail
Items here: ) [ ††.
You start resting.
An eight-headed hydra is nearby!
You hit the eight-headed hydra.
The eight-headed hydra is lightly wounded.
The eight-headed hydra bites you but does no damage. x2
The eight-headed hydra barely misses you.
The eight-headed hydra closely misses you.
The eight-headed hydra bites you but does no damage.
The eight-headed hydra bites you. x2
The eight-headed hydra bites you but does no damage.
You thump the eight-headed hydra!
The eight-headed hydra is lightly wounded.
The eight-headed hydra bites you but does no damage.
The eight-headed hydra bites you.
The eight-headed hydra bites you but does no damage.
You block the eight-headed hydra's attack.
The eight-headed hydra barely misses you.
The eight-headed hydra bites you.
The eight-headed hydra bites you but does no damage.
The eight-headed hydra closely misses you.
You barely miss the eight-headed hydra.
The eight-headed hydra is lightly wounded.
The eight-headed hydra barely misses you.
You block the eight-headed hydra's attack.
The eight-headed hydra bites you but does no damage. x2
The eight-headed hydra bites you.
The eight-headed hydra bites you but does no damage.
The eight-headed hydra closely misses you.
The eight-headed hydra bites you but does no damage.
You sock the eight-headed hydra!
The eight-headed hydra is moderately wounded.
You hit the eight-headed hydra but do no damage.
The eight-headed hydra is moderately wounded.
The eight-headed hydra bites you but does no damage.
The eight-headed hydra bites you.
The eight-headed hydra bites you but does no damage.
The eight-headed hydra barely misses you. x2
The eight-headed hydra completely misses you.
The eight-headed hydra bites you!
* * * LOW HITPOINT WARNING * * *
The eight-headed hydra bites you.
* * * LOW HITPOINT WARNING * * *
You gain the combat prowess of a mighty hero.
The eight-headed hydra bites you but does no damage. x3
The eight-headed hydra bites you.
* * * LOW HITPOINT WARNING * * *
You block the eight-headed hydra's attack.
The eight-headed hydra bites you but does no damage.
The eight-headed hydra barely misses you.
The eight-headed hydra bites you but does no damage.
You bludgeon the eight-headed hydra!!
The eight-headed hydra is heavily wounded.
The eight-headed hydra bites you but does no damage.
You block the eight-headed hydra's attack.
The eight-headed hydra bites you!
* * * LOW HITPOINT WARNING * * *
The eight-headed hydra closely misses you.
The eight-headed hydra barely misses you.
The eight-headed hydra bites you but does no damage. x3
You hit the eight-headed hydra.
The eight-headed hydra is heavily wounded.
The eight-headed hydra bites you but does no damage.
The eight-headed hydra bites you.
* * * LOW HITPOINT WARNING * * *
The eight-headed hydra closely misses you.
The eight-headed hydra bites you but does no damage.
You block the eight-headed hydra's attack.
The eight-headed hydra bites you but does no damage.
The eight-headed hydra bites you!
You die...

#.##........#
#>##.####.#.# ##.##.#
#.#.# ......####.#.#
#...###.##.#.##
..............##
#...###.##.#.#.##
##.####.##..###.##
...[....##.## ##@##
##........## ###D#
####.##...<####.)##
........#.......##
###.........##..# #
####...####D#.### ##
#####...##...# .#
.......#..#.# .#
....#..#..#.##########


You could see an eight-headed hydra.

Vanquished Creatures
  An elephant (D:7)
  3 trolls (D:9)
  A meliai (D:9)
  A hornet (D:8)
  A wyvern (D:9)
  A vampire (D:9)
  A yak (D:8)
  A wraith (D:9)
  A basilisk (D:8)
  A vampire mosquito (D:9)
  2 acid dragons
  Duvessa (D:7)
  A water moccasin (D:9)
  6 sky beasts
  4 black bears
  An orc warrior (D:6)
  2 ice beasts (D:5)
  3 ogres
  A centaur (D:6)
  3 kobold brigands
  4 bullfrogs
  2 scorpions (D:6)
  3 gnoll sergeants
  4 wights
  Dowan (D:7)
  11 killer bees
  3 howler monkeys
  A bullfrog zombie (D:4)
  A centaur zombie (D:4)
  2 gnoll boudas (D:8)
  4 hounds
  6 orc priests
  9 iguanas
  5 orc wizards
  A scorpion zombie (D:4)
  4 sleepcaps
  A hound zombie (D:4)
  27 gnolls
  7 adders
  A shadow imp (D:6)
  A white imp (D:6)
  An adder zombie (D:4)
  4 dart slugs
  23 orcs
  8 ball pythons
  6 endoplasms
  A giant cockroach (D:4)
  13 goblins
  5 hobgoblins
  6 jackals
  3 quokkas
  3 bats
  A frilled lizard (D:3)
  13 kobolds
  9 rats
230 creatures vanquished.

Notes
Turn   | Place    | Note
-------+----------+-------------------------------------------
     0 | D:1      | Firecrotchwizard the Gargoyle Fighter began the quest for
                  | the Orb.
     0 | D:1      | Reached XP level 1. HP: 14/14 MP: 1/1
   256 | D:1      | Reached XP level 2. HP: 19/19 MP: 2/2
  1016 | D:2      | Reached XP level 3. HP: 23/23 MP: 3/3
  1267 | D:2      | Reached skill level 3 in Maces & Flails
  1687 | D:2      | Reached XP level 4. HP: 29/29 MP: 4/4
  1913 | D:3      | Found an opulent altar of Gozag.
  1957 | D:3      | Found a blossoming altar of Fedhas.
  2067 | D:3      | Found an ornate altar of the Wu Jian Council.
  2448 | D:4      | Reached skill level 4 in Maces & Flails
  2450 | D:4      | Reached XP level 5. HP: 20/34 MP: 5/5
  2571 | D:4      | Found Daerekhi's Armour Emporium.
  2645 | D:4      | Bought a +0 chain mail for 54 gold pieces
  2935 | D:4      | Reached XP level 6. HP: 40/40 MP: 6/6
  2947 | D:4      | Noticed a black bear
  2949 | D:4      | Reached skill level 5 in Maces & Flails
  2961 | D:4      | Killed a black bear
  2962 | D:4      | Reached skill level 5 in Fighting
  3103 | D:4      | Found a basalt altar of Yredelemnul.
  3113 | D:4      | Reached XP level 7. HP: 43/44 MP: 7/7
  3125 | D:4      | Reached skill level 6 in Maces & Flails
  3455 | D:5      | Entered Level 5 of the Dungeon
  3764 | D:5      | Reached skill level 7 in Maces & Flails
  3790 | D:5      | You fall into a shaft and drop 2 floors!
  3806 | D:7      | Noticed Dowan
  3830 | D:7      | Killed Dowan
  4737 | D:7      | Reached XP level 8. HP: 46/52 MP: 8/8
  4757 | D:6      | Found a sparkling altar of Nemelex Xobeh.
  4961 | D:5      | Reached skill level 8 in Maces & Flails
  5200 | D:5      | Found a glowing silver altar of Zin.
  5625 | D:5      | Reached skill level 9 in Maces & Flails
  5694 | D:6      | Reached XP level 9. HP: 58/58 MP: 9/9
  5769 | D:4      | Bought a +0 pair of boots for 54 gold pieces
  6028 | D:6      | Found a shimmering altar of Xom.
  6376 | D:6      | Found Dogaat's Magic Scroll Boutique.
  6405 | D:6      | Reached skill level 10 in Maces & Flails
  6502 | D:6      | Bought a scroll of identify for 24 gold pieces
  6502 | D:6      | Bought a scroll of identify for 24 gold pieces
  6794 | D:6      | Found a radiant altar of Vehumet.
  6802 | D:6      | Found a staircase to the Ecumenical Temple.
  6824 | Temple   | Entered the Ecumenical Temple
  6861 | Temple   | Became a worshipper of Warmaster Okawaru
  6914 | D:6      | Found a shadowy altar of Dithmenos.
  7381 | D:7      | Reached skill level 1 in Invocations
  7385 | D:7      | Reached * piety under Okawaru
  7462 | D:7      | Found a transporter.
  7512 | D:7      | Noticed Jeremiah
  7723 | D:7      | Noticed a kobold demonologist
  7971 | D:7      | Noticed Pikel
  8074 | D:8      | Noticed a hornet
  8084 | D:8      | Killed a hornet
  8085 | D:8      | Reached skill level 11 in Maces & Flails
  8094 | D:8      | Reached XP level 10. HP: 59/66 MP: 12/12
  8127 | D:8      | Noticed an elephant
  8180 | D:7      | Noticed Duvessa
  8185 | D:7      | Killed Duvessa
  8332 | D:7      | Killed an elephant
  8332 | D:7      | Reached ** piety under Okawaru
  8425 | D:8      | Found a staircase to the Lair.
  9259 | D:8      | Found a sacrificial altar of Ru.
  9393 | D:9      | Identified the "Homyfix"
  9437 | D:9      | Found a flagged portal.
  9455 | D:9      | Reached skill level 12 in Maces & Flails
  9593 | D:9      | Reached *** piety under Okawaru
  9594 | D:9      | Reached skill level 10 in Fighting
  9687 | D:9      | Found a snail-covered altar of Cheibriados.
  9970 | D:9      | Reached skill level 5 in Invocations
 10050 | D:9      | Found an ancient bone altar of Kikubaaqudgha.
 10238 | D:9      | Found a hazy altar of Hepliaklqana.
 10337 | D:9      | Reached **** piety under Okawaru
 10338 | D:9      | Reached XP level 11. HP: 50/73 MP: 15/15
 10371 | D:9      | Noticed an eight-headed hydra
 10393 | D:9      | Slain by an eight-headed hydra

Illustrated notes

Levels and vault maps discovered:
D:1:      dpeg_arrival_long_road, layout_loops_ring
D:2:      minmay_diamond_boxcup, layout_loops_ring, amethyst_killhole,
          minmay_misc_feat_rows
D:3:      layout_basic, fedhas_altar_2, nzn_wu_jian_council_hall,
          nicolae_gozag_cash_rules_everything_around_me
D:4:      layout_basic, nicolae_yredelemnul_corpse_copse, serial_shops, shop,
          minmay_misc_feat_rugged
D:5:      layout_rooms, general_overflow_altar, minmay_misc_feat_enclosed,
          minmay_misc_feat_tower, dreamdust_mushroom_princess
D:6:      kennysheep_spiral_hall, layout_layer_cave, old_standard_altar,
          nicolae_dithmenos_the_darkroom, amcnicky_altar_gilded,
          minmay_temple_entry_butterflies, serial_shops, shop,
          minmay_ruined_shrine
D:7:      gammafunk_wand_slinger, layout_basic, serial_corexii_hall,
          corexii_hall_statues_l, corexii_hall_statues_x,
          corexii_hall_statues_i, corexii_hall_statues_i,
          corexii_hall_statues_i, corexii_hall_statues_x,
          gammafunk_ghost_necromancy, chequers_jeans, minmay_bent, uniq_duvessa,
          uniq_pikel, uniq_jeremiah
D:8:      layout_loops_ring, nicolae_ru_the_path_less_chosen, david_lair_generic
D:9:      layout_loops_ring, mainiacjoe_overflow_small_starburst,
          nzn_hepliaklqana_mist_gate, lemuel_doored_altar, enter_bailey_5,
          minmay_pinched_square
Temple:   nicolae_temple_superstar

Skill      XL: |  1  2  3  4  5  6  7  8  9 10 |
---------------+-------------------------------+-----
Maces & Flails | 3 4 5 7 9 11 12 | 12.9
Fighting       | 4 5 6 7 9 10 | 10.6
Invocations    | 2 5 |  5.8
Armour         | |  3.2
Shields        | |  3.6

Action                     |  1- 3 |  4- 6 |  7- 9 | 10-12 || total
---------------------------+-------+-------+-------+-------++-------
  Melee: Flail             |   161 |   130 |   429 |   311 ||  1031
 Invoke: Heroism           |       |       |     1 |     4 ||     5
    Use: Scroll            |       |       |    17 |     2 ||    19
 Armour: Scale mail        |   121 |    37 |       |       ||   158
         Chain mail        |       |    77 |   209 |       ||   286
         Plate armour      |       |       |   165 |   315 ||   480
  Dodge: Dodged            |    92 |    55 |   145 |   115 ||   407
  Block: Buckler           |    53 |    36 |    95 |    76 ||   260

Table legend: (Time is in decaauts)
 A = Elapsed time spent in this place.
 B = Non-inter-level travel time spent in this place.
 C = Inter-level travel time spent in this place.
 D = Time resting spent in this place.
 E = Time spent auto-exploring this place.
 F = Levels seen in this place.
 G = Mean time per level.
                   A        B        C        D        E       F      G
               +--------+--------+--------+--------+--------+-----+--------+
         Total |  10421 |   9936 |    485 |   2300 |   5576 |  10 | 1042.1 |
       Dungeon |  10370 |   9933 |    437 |   2300 |   5576 |   9 | 1152.2 |
        Temple |     50 |      2 |     48 |      0 |      0 |   1 |   50.0 |
               +--------+--------+--------+--------+--------+-----+--------+

Top non-repeatable levels by time:
     D:6: 1841 daAuts
     D:7: 1606 daAuts
     D:4: 1306 daAuts
     D:8: 1207 daAuts
     D:5: 983 daAuts
     D:2: 939 daAuts
     D:9: 935 daAuts
     D:1: 910 daAuts
     D:3: 639 daAuts
  Temple: 50 daAuts
